 Dungeon Crawl Stone Soup version 0.24-a0-464-g6b2be6b8c7 (webtiles) character file.

Game seed: 9078904527370637778

6662 CookieEater the Geomancer (level 11, -7/64 HPs)
             Began as a Gargoyle Earth Elementalist on July 3, 2019.
             Was a Priest of Vehumet.
             Killed by the air
             ... invoked by Gastronok
              (40 damage)
             ... on level 9 of the Dungeon.
             The game lasted 00:28:25 (10839 turns).

CookieEater the Geomancer (GrEE)                   Turns: 10839, Time: 00:28:25

Health: -7/64      AC: 12    Str: 12    XL:     11   Next: 3%
Magic:  5/21       EV: 14    Int: 19    God:    Vehumet [***...]
Gold:   139        SH:  0    Dex: 12    Spells: 14/23 levels left

rFire    . . .     SeeInvis .   r - +6 morningstar
rCold    . . .     Gourm    +   (no shield)
rNeg     + . .     Faith    .   u - +1 robe of Impressiveness {Regen+}
rPois    ∞         Spirit   .   B - +1 hat
rElec    +         Reflect  .   (no cloak)
rCorr    .         Harm     .   (no gloves)
MR       .....                  (no boots)
Stlth    ++........             x - amulet of the gourmand
HPRegen  0.60/turn              l - +2 ring of dexterity
MPRegen  0.17/turn              (no ring)

@: no status effects
A: negative energy resistance 1, sense surroundings 1, electricity resistance,
unbreathing, petrification resistance, rot immunity, sturdy frame 1, AC +8
a: Renounce Religion


You were on level 9 of the Dungeon.
You worshipped Vehumet.
Vehumet was most pleased with you.
You were very full.

You visited 2 branches of the dungeon, and saw 10 of its levels.

You collected 505 gold pieces.
You spent 366 gold pieces at shops.

Inventory:

Hand Weapons
 r - a +6 morningstar (weapon)
 w - a +1 morningstar of holy wrath
Missiles
 b - 96 stones (quivered)
 k - 3 throwing nets
 s - 5 atropa-tipped darts
Armour
 i - a +1 helmet
 u - the +1 robe of Impressiveness (worn) {Regen+}
   (You bought it in a shop on level 4 of the Dungeon)

   It increases your rate of regeneration.
 B - a +1 hat (worn)
Jewellery
 l - a +2 ring of dexterity (left hand)
 x - an amulet of the gourmand (around neck)
 y - an uncursed amulet of regeneration {unknown}
Wands
 t - a wand of digging (1)
Scrolls
 c - 3 scrolls of remove curse
 f - 2 scrolls of teleportation
 n - 3 scrolls of amnesia
 o - a scroll of magic mapping
 F - a scroll of blinking
Potions
 e - a potion of agility
 g - a potion of flight
 h - 2 potions of ambrosia
 j - 3 potions of lignification
 m - 2 potions of degeneration {unknown}
 p - 2 potions of cancellation
 q - 5 potions of curing
 v - a potion of invisibility
 z - a potion of berserk rage {unknown}
 A - a potion of brilliance {unknown}
 C - 2 potions of might
Comestibles
 d - 18 rations


   Skills:
 + Level 5.5 Fighting
 + Level 4.8 Maces & Flails
 + Level 5.4 Armour
 + Level 4.4 Dodging
 - Level 2.1 Stealth
 + Level 6.6 Spellcasting
 + Level 7.2 Conjurations
   Level 0.7 Transmutations
 + Level 9.1 Earth Magic
 + Level 4.2 Evocations


You had 14 spell levels left.
You knew the following spells:

 Your Spells              Type           Power        Failure   Level  Hunger
a - Sandblast             Erth           #####.       1%          1    None
b - Stone Arrow           Conj/Erth      #####.       1%          3    ##.....
c - Lee's Rapid Deconstr  Erth           #####.....   1%          5    #####..

Your spell library contained the following spells:

 Spells                   Type           Power        Failure   Level  Hunger
 Static Discharge         Conj/Air       ###.....     1%          3    ##.....
 Passwall                 Tmut/Erth      ####....     1%          2    None
 Petrify                  Tmut/Erth      ####....     14%         4    ####...


Dungeon Overview and Level Annotations

Branches:
Dungeon (9/15)             Temple (1/1) D:6
   Lair: D:8-11         Orc: D:9-12

Altars:
Ashenzari
Cheibriados
Dithmenos
Elyvilon
Fedhas
Gozag
Hepliaklqana
Kikubaaqudgha
Makhleb
Nemelex Xobeh
Okawaru
Qazlal
Ru
Sif Muna
Trog
Uskayaw
Vehumet
Wu Jian
Xom
Yredelemnul
Zin
The Shining One
Lugonu

Shops:
D:4 *:![[

Annotations:
D:9 Gastronok


Innate Abilities, Weirdness & Mutations

You are resistant to torment.
Your stone body is resilient. (AC +8)
You are immune to poison.
You resist negative energy. (rN+)
You are resistant to electric shocks. (rElec)
You can survive without breathing.
You are immune to petrification.
You are immune to rotting.
You passively map a small area around you.
Your movements are slightly less encumbered by armour. (ER -2)


Message History

You don't have enough magic to cast that spell.
Unknown command.
Okay, then.
Unknown command.
The phantom completely misses you.
Casting: Sandblast (safe; 1% risk of failure)
Confirm with . or Enter, or press ? or * to list all spells.
You don't have enough magic to cast that spell.
Unknown command.
The phantom blinks!
Casting: Sandblast (safe; 1% risk of failure)
Confirm with . or Enter, or press ? or * to list all spells.
You don't have enough magic to cast that spell.
Unknown command.
Unknown command.
Found a mace.
Gastronok waves his eye-stalks in wide circles.
The air twists around and strikes you!
Ouch! That really hurt!
You die...

* * * , # , , #..* ,,
.........# , #..*
.........# ,#.! ,
.......§.+ ,,,#.# ,
.........# * ,###.# ,
.........# , , , ,
+.).#,, .........#
#...+ .w.......#
,#..@#############'##
###......wW.........
,, ,
#.........######## *
#.........# ,
............#
.............#
..............# ,
..............# *
#########.....#


You could see Gastronok and a phantom.

Vanquished Creatures
  A two-headed ogre (D:8)
  2 polar bears (D:8)
  2 hippogriffs (D:7)
  A yak (D:8)
  2 hungry ghosts
  3 ice beasts
  2 orc warriors
  3 sky beasts
  2 phantoms
  2 ogres
  3 necrophages (D:6)
  2 wolves (D:8)
  3 centaurs
  4 bullfrogs
  A wyvern skeleton (D:5)
  2 scorpions
  6 killer bees (D:8)
  7 wights
  5 howler monkeys
  2 electric eels (D:8)
  2 crimson imps (D:5)
  5 hounds
  2 jellies
  8 orc priests
  20 orc wizards
  A centaur skeleton (D:8)
  4 iguanas
  5 worker ants
  A bullfrog simulacrum (D:8)
  3 hound skeletons
  A worker ant zombie (D:5)
  Robin (D:4)
  A howler monkey zombie (D:6)
  7 gnolls
  14 adders
  A hound simulacrum (D:8)
  A howler monkey skeleton (D:5)
  A shadow imp (D:5)
  6 white imps (D:8)
  An ufetubus (D:8)
  3 oozes
  2 adder skeletons (D:4)
  A worm (D:3)
  2 dart slugs
  An adder simulacrum (D:8)
  6 leopard geckos
  37 orcs
  3 giant cockroaches
  10 goblins
  13 hobgoblins
  10 jackals
  3 quokkas
  2 ball pythons
  20 bats
  8 frilled lizards
  A jackal simulacrum (D:8)
  4 kobolds
  A leopard gecko skeleton (D:7)
  2 leopard gecko zombies (D:6)
  A quokka zombie (D:6)
  14 rats
  A bush (D:6)
285 creatures vanquished.

Vanquished Creatures (others)
  5 plants (D:6)
5 creatures vanquished.

Grand Total: 290 creatures vanquished

Notes
Turn   | Place    | Note
-------+----------+-------------------------------------------
     0 | D:1      | CookieEater the Gargoyle Earth Elementalist began the quest
                  | for the Orb.
     0 | D:1      | Reached XP level 1. HP: 10/10 MP: 3/3
   146 | D:1      | Reached skill level 4 in Earth Magic
   146 | D:1      | Reached XP level 2. HP: 15/15 MP: 1/5
   689 | D:1      | Reached XP level 3. HP: 19/19 MP: 4/6
   694 | D:1      | Learned a level 3 spell: Stone Arrow
  1601 | D:2      | Found a hazy altar of Hepliaklqana.
  1620 | D:2      | Found a bloodstained altar of Trog.
  1925 | D:2      | Reached skill level 1 in Conjurations
  1927 | D:2      | Reached XP level 4. HP: 24/24 MP: 4/8
  2056 | D:2      | Found an opulent altar of Gozag.
  2684 | D:3      | Reached skill level 5 in Earth Magic
  2739 | D:3      | Reached XP level 5. HP: 28/28 MP: 5/10
  2746 | D:3      | Learned a level 5 spell: Lee's Rapid Deconstruction
  2759 | D:3      | Found a stormy altar of Qazlal.
  3447 | D:3      | Reached XP level 6. HP: 16/32 MP: 0/11
  3928 | D:3      | Found an ornate altar of the Wu Jian Council.
  4174 | D:4      | Reached skill level 6 in Earth Magic
  4181 | D:4      | Noticed a phantom
  4186 | D:4      | Killed a phantom
  4186 | D:4      | Reached XP level 7. HP: 33/36 MP: 8/13
  4292 | D:4      | Gained mutation: Your movements are slightly less
                  | encumbered by armour. (ER -2) [potion of mutation]
  4292 | D:4      | Gained mutation: You passively map a small area around you.
                  | [potion of mutation]
  4323 | D:4      | Found a snail-covered altar of Cheibriados.
  4355 | D:4      | Noticed Robin
  4384 | D:4      | Killed Robin
  4564 | D:4      | Reached skill level 1 in Fighting
  4564 | D:4      | Reached skill level 1 in Armour
  4614 | D:4      | Reached XP level 8. HP: 36/43 MP: 12/15
  4662 | D:4      | Reached skill level 1 in Maces & Flails
  4669 | D:4      | Reached skill level 7 in Earth Magic
  4852 | D:4      | Noticed a +0 hand axe
  4853 | D:4      | Found a hide-covered altar of Uskayaw.
  4853 | D:4      | Noticed a +0 dagger
  4886 | D:4      | Found Vooq's Armour Emporium.
  4908 | D:4      | Found Sasieprif's Antique Armour Shoppe.
  4911 | D:4      | Bought an ancient robe for 125 gold pieces
  4921 | D:4      | Identified the +1 robe of Impressiveness {Regen+} (You
                  | bought it in a shop on level 4 of the Dungeon)
  5199 | D:4      | Found Xiolloewa's Distillery.
  5206 | D:4      | Bought a potion of heal wounds for 65 gold pieces
  5206 | D:4      | Bought a potion of curing for 39 gold pieces
  5212 | D:4      | Found Suryan's Assorted Antiques.
  5245 | D:4      | Found Utisy's Book Shop.
  5425 | D:5      | Entered Level 5 of the Dungeon
  5539 | D:5      | Reached skill level 5 in Spellcasting
  5539 | D:5      | Reached skill level 1 in Evocations
  5729 | D:5      | Found an ancient bone altar of Kikubaaqudgha.
  5764 | D:5      | Reached skill level 5 in Conjurations
  6033 | D:5      | Reached XP level 9. HP: 38/49 MP: 12/16
  6063 | D:5      | Found a burning altar of Makhleb.
  6065 | D:5      | Found a shimmering altar of Xom.
  6802 | D:6      | Found a staircase to the Ecumenical Temple.
  6811 | Temple   | Entered the Ecumenical Temple
  6827 | Temple   | Became a worshipper of Vehumet
  7370 | D:6      | Found a blossoming altar of Fedhas.
  7469 | D:6      | Reached skill level 8 in Earth Magic
  7710 | D:4      | Bought a scroll of identify for 56 gold pieces
  7710 | D:4      | Bought a scroll labeled LOC WEOPHUO for 28 gold pieces
  7710 | D:4      | Bought a scroll labeled VASEAKOARR for 28 gold pieces
  7710 | D:4      | Bought an emerald potion for 25 gold pieces
  7755 | D:7      | Found a burning altar of Makhleb.
  8203 | D:7      | Reached * piety under Vehumet
  8203 | D:7      | Offered knowledge of Shock by Vehumet.
  8349 | D:7      | Found an iron altar of Okawaru.
  8571 | D:7      | Reached XP level 10. HP: 42/56 MP: 18/18
  8615 | D:7      | Found a deep blue altar of Sif Muna.
  9149 | D:8      | Offered knowledge of Sting by Vehumet.
  9150 | D:8      | Reached ** piety under Vehumet
  9493 | D:8      | Noticed a two-headed ogre
  9508 | D:8      | Killed a two-headed ogre
  9508 | D:8      | Offered knowledge of Static Discharge by Vehumet.
  9508 | D:8      | Reached skill level 5 in Fighting
  9508 | D:8      | Reached skill level 5 in Armour
  9985 | D:8      | Reached skill level 9 in Earth Magic
 10564 | D:8      | Reached XP level 11. HP: 64/64 MP: 16/20
 10652 | D:9      | Found a shattered altar of Ashenzari.
 10748 | D:9      | Noticed an angel
 10749 | D:9      | Found a glowing silver altar of Zin.
 10757 | D:9      | Found a white marble altar of Elyvilon.
 10801 | D:9      | Noticed Gastronok
 10805 | D:9      | Reached *** piety under Vehumet
 10839 | D:9      | Killed from afar by Gastronok

Levels and vault maps discovered:
D:1:      elethiomel_arrival_shortcut, layout_basic, minmay_misc_feat_diagonals,
          minmay_tiny_reverse_x
D:2:      layout_basic, nicolae_overflow_crystal_walls,
          nicolae_overflow_hidden_temple, lemuel_doored_altar
D:3:      minmay_door_path, layout_loops_corners, lemuel_round_altar,
          lemuel_crystal_altar, first_ration, hangedman_decor_diamond_cutter,
          minmay_fractal_squares_diagonal_5
D:4:      layout_loops_cross, dancing_weapons_uskayaw, lemuel_round_altar,
          serial_shops, nicolae_shop_crystal, shop, nicolae_shop_statue_plus,
          shop, nicolae_shop_crystal, hangedman_abyss_or_decor_stagger,
          uniq_robin
D:5:      layout_rooms, grunt_temple_overflow_champion_of_chaos, kennysheep_mini
D:6:      kennysheep_spiral_hall, layout_loops_ring, fedhas_altar_decomposition,
          minmay_temple_entry_stoned_glass, minmay_tree_intersection,
          chequers_serial_rivers_small_3, bh_walls_and_bars
D:7:      layout_cave_pods, old_standard_altar, marbit_many_paths,
          chequers_serial_rivers_room_a, bloody_makhleb
D:8:      layout_basic, serial_ice, serial_ice_k, serial_ice_d, serial_ice_c,
          serial_ice_o, serial_ice_b, serial_ice_g, serial_ice_f, serial_ice_m,
          grunt_ogre_cave, roderic_batcave, serial_bayou_pond_b
D:9:      layout_irregular_city, cheibrodos_ashenzari_chains, zin_angel,
          lemuel_crystal_altar, orc_0_dummy, uniq_gastronok
Temple:   corrupted_temple

Skill      XL: |  1  2  3  4  5  6  7  8  9 10 |
---------------+-------------------------------+-----
Earth Magic    | 4 5 6 7 8 9 |  9.1
Conjurations   | 1 2 3 4 5 6 7 |  7.2
Spellcasting   | 3 4 5 6 |  6.6
Fighting       | 1 2 4 5 |  5.5
Armour         | 1 2 4 5 |  5.4
Maces & Flails | 2 3 4 |  4.8
Dodging        | 2 3 4 |  4.4
Evocations     | 1 3 4 |  4.2
Stealth        | |  2.1
Transmutations | |  0.7

Action                   |  1- 3 |  4- 6 |  7- 9 | 10-12 || total
-------------------------+-------+-------+-------+-------++-------
Melee: Unarmed           |     9 |       |       |       ||     9
       Club              |   130 |   128 |       |       ||   258
       Morningstar       |       |    21 |   383 |   152 ||   556
 Cast: Sandblast         |    19 |    45 |    52 |    46 ||   162
       Lee's Rapid Decon |       |       |     6 |     9 ||    15
       Stone Arrow       |       |       |     1 |     1 ||     2
Evoke: Wand              |       |     2 |     3 |    11 ||    16
  Use: Scroll            |     1 |     8 |    15 |     1 ||    25
       Potion            |       |       |     5 |     1 ||     6
 Stab: Sleeping          |     2 |     1 |     2 |     2 ||     7
  Eat: Chunk             |     4 |     7 |    27 |    12 ||    50
Armor: Robe              |    83 |    93 |   204 |   127 ||   507
Dodge: Dodged            |   137 |   139 |   330 |   215 ||   821

Table legend:
 A = Non-vault XP
 B = Vault XP
 C = Vault XP percentage of total XP
 D = Non-vault monster count
 E = Vault monster count
 F = Vault count percentage of total count
                 A         B        C        D         E       F
            +---------+---------+-------+---------+---------+-------
      Total |    6895 |    2623 |  27.6 |     217 |      67 |  23.6
            +---------+---------+-------+---------+---------+-------
        D:1 |      34 |       2 |   5.6 |      17 |       2 |  10.5
        D:2 |      83 |       0 |   0.0 |      17 |       0 |   0.0
        D:3 |     365 |      26 |   6.6 |      34 |       8 |  19.0
        D:4 |     880 |      38 |   4.1 |      37 |      13 |  26.0
        D:5 |     984 |      48 |   4.7 |      35 |       1 |   2.8
        D:6 |     760 |     443 |  36.8 |      19 |      11 |  36.7
        D:7 |    1736 |     266 |  13.3 |      40 |       1 |   2.4
        D:8 |    1876 |    1800 |  49.0 |      16 |      31 |  66.0
        D:9 |     177 |       0 |   0.0 |       2 |       0 |   0.0
            +---------+---------+-------+---------+---------+-------
